 Dungeon Crawl Stone Soup version 0.20-a0-350-ga83eecc (webtiles) character file.

44055 Goblin1989 the Severer (level 13, -2/122 HPs)
             Began as a Deep Dwarf Artificer on Dec 23, 2016.
             Was the Champion of Makhleb.
             Killed from afar by an oklob plant (9 damage)
             ... with a splash of acid
             ... on level 3 of the Lair of Beasts.
             The game lasted 01:01:24 (12460 turns).

Goblin1989 the Severer (Deep Dwarf Artificer)      Turns: 12460, Time: 01:01:25

Health: -2/122     AC:  2    Str: 21    XL:     13   Next: 94%
Magic:  15/15      EV:  7    Int: 11    God:    Makhleb [******]
Gold:   247        SH: 12    Dex: 12    Spells: 10/12 levels left

rFire  + . .     SeeInvis .     a - +2 broad axe (flame)
rCold  . . .     Gourm    .     r - +0 plate armour
rNeg   + . .     Faith    .     q - +0 shield
rPois  +         Spirit   .     P - +0 helmet
rElec  .         Reflect  .     J - +2 ratskin cloak {rPois rN+ Int-1 Dex-1}
rCorr  .         Harm     .     w - +0 pair of gloves
MR     ++...                    s - +0 pair of boots
Stlth  ..........               (no amulet)
                                m - ring of protection from magic
                                f - ring of protection from fire

@: corroded, non-regenerating
A: damage resistance, recharge devices, sense surroundings 2, slow regeneration
3
a: Heal Wounds, Minor Destruction, Lesser Servant of Makhleb, Major Destruction,
Greater Servant of Makhleb, Renounce Religion


You were on level 3 of the Lair of Beasts.
You worshipped Makhleb.
Makhleb was exalted by your worship.
You were not hungry.

You visited 4 branches of the dungeon, and saw 18 of its levels.
You also visited: Ice Cave.

You collected 1410 gold pieces.
You spent 1163 gold pieces at shops.

Inventory:

Hand Weapons
 a - a +2 broad axe of flaming (weapon)
Missiles
 k - 4 needles of sleeping
 Z - a throwing net {=f, !d}
Armour
 q - a +0 shield (worn)
 r - a +0 plate armour (worn)
 s - a +0 pair of boots (worn)
 w - a +0 pair of gloves (worn)
 J - the +2 ratskin cloak (worn) {rPois rN+ Int-1 Dex-1}
   (You bought it in a shop on level 6 of the Dungeon)

   It affects your intelligence (-1).
   It affects your dexterity (-1).
   It protects you from poison.
   It protects you from negative energy.
 P - a +0 helmet (worn)
Jewellery
 f - a ring of protection from fire (left hand)
 m - a ring of protection from magic (right hand)
Wands
 e - a wand of random effects (14/48)
 o - a wand of digging (9/24)
 A - a wand of acid (0/15)
 E - a wand of enslavement (15/24)
 K - a wand of flame (34/48)
 L - a wand of lightning (1/15)
 U - a wand of lightning (7/15)
 Y - a wand of slowing (27/48)
Scrolls
 h - a scroll of noise {unknown}
 l - 3 scrolls of enchant armour
 n - 2 scrolls of fog
 y - 4 scrolls of recharging
 B - a scroll of torment {!r}
 D - 2 scrolls of remove curse {@r2}
 G - 4 scrolls of immolation {!r}
 M - 2 scrolls of magic mapping
 N - 2 scrolls of fear
 R - a scroll of identify {@r1}
 T - 12 scrolls of teleportation {!r, @r4}
Potions
 c - 3 potions of might
 g - 4 potions of flight
 i - 4 potions of magic
 j - a potion of ambrosia
 u - 2 potions of brilliance
 v - 4 potions of curing {@q1}
 z - 3 potions of lignification {!q}
 F - a potion of haste {!q, @q3}
Miscellaneous
 S - a disc of storms
Comestibles
 b - 5 beef jerkies
 d - 9 chunks of flesh {@w0}
 p - 12 slices of pizza
 t - 4 meat rations {@e2}
 I - 35 fruits
 Q - 15 bread rations {@e1}


   Skills:
 + Level 9.7 Fighting
   Level 0.8 Short Blades
 * Level 15.0 Axes
 + Level 10.9 Armour
 - Level 2.1 Dodging
 - Level 1.2 Stealth
 + Level 10.0 Shields
 + Level 13.5 Evocations


You had 10 spell levels left.
You knew the following spells:

 Your Spells              Type           Power        Failure   Level  Hunger
y - Song of Slaying       Chrm           #.......     100%        2    ###....


Dungeon Overview and Level Annotations

Branches:
Dungeon (12/15)            Temple (1/1) D:4            Lair (3/6) D:10
  Swamp (0/4) Lair:2        Snake (0/4) Lair:3          Orc (2/2) D:9
    Elf (0/3) Orc:2

Altars:
Ashenzari
Cheibriados
Dithmenos
Elyvilon
Fedhas
Gozag
Hepliaklqana
Kikubaaqudgha
Makhleb
Nemelex Xobeh
Okawaru
Ru
Sif Muna
Trog
Uskayaw
Vehumet
Xom
Yredelemnul
The Shining One
Lugonu

Shops:
D:6 [   D:11 (   Orc:2 ?[*([}([

Annotations:
D:5 1 runed door
D:9 3 exclusions
Lair:3 exclusion: 3 oklob plants


Innate Abilities, Weirdness & Mutations

You are resistant to damage.
You can recharge devices by infusing magical energy.
You passively map the area around you.
You do not regenerate.


Message History

The splash of acid misses you.
You take 2 damage, and have 7/122 hp.
You hit the oklob plant but do no damage.
The oklob plant is lightly damaged.
You slash the oklob plant! You burn the oklob plant.
You hit the oklob plant but do no damage.
Unknown command.
You slash the oklob plant! You burn the oklob plant.
The oklob plant is heavily damaged.
You hit the oklob plant. You burn the oklob plant.
You hit the oklob plant but do no damage.
The oklob plant spits acid at you. You block the splash of acid.
Unknown command.
You hit the oklob plant but do no damage.
The oklob plant is heavily damaged.
You hit the oklob plant but do no damage. x2
The oklob plant spits acid at you. The splash of acid hits you!
You die...

.█ · ··· · █▓
▓...· █ ██...
.█ █.....▓▓ ██
· ▓ █.█.. ... ·
██...██████
██P█▓
█P...P.$/.█ .█
█▓ ▓
█....PP.P.█ ...
· ██..P[@P.█
██. █....%.?.█
▓ ▓ ██P..██████
▓ · ██.$...█
▓█. █.█...██
██.█ ██...██
██...███ █....█
.......███.†.██
.......██....█


You could see 3 oklob plants.

Vanquished Creatures
  2 ogre magi (Orc:2)
  Erica (Lair:1)
  A death yak (D:10)
  14 two-headed ogres
  Urug (Lair:3)
  2 deep trolls (Orc:2)
  An unseen horror (D:11)
  3 cyclopes
  An orc sorcerer (Orc:2)
  3 ugly things
  An oklob plant (Lair:2)
  2 ice statues (IceCv)
  A black mamba (Lair:3)
  2 centaur zombies
  4 spiny frogs
  4 komodo dragons
  A tengu conjurer (D:10)
  10 trolls
  A hornet (D:11)
  A dream sheep (Lair:3)
  9 blink frogs
  5 hippogriffs
  2 wyverns
  21 yaks
  A human (D:8)
  4 vampire mosquitoes (D:12)
  Grum (Lair:1)
  2 basilisks
  4 hogs (D:8)
  2 hungry ghosts (D:11)
  4 nagas (Lair:3)
  2 wargs (D:9)
  7 water moccasins
  A porcupine (Lair:2)
  13 orc warriors
  7 ice beasts
  A sky beast (D:4)
  23 ogres
  2 black bears
  3 phantoms
  11 centaurs
  33 wolves
  6 crocodiles
  A big kobold (D:8)
  11 bullfrogs
  3 gnoll sergeants
  2 scorpions
  3 wights (D:7)
  5 howler monkeys
  A bullfrog zombie (D:8)
  4 crimson imps
  7 hounds
  12 orc priests
  5 jellies
  2 centaur skeletons
  14 orc wizards
  2 bullfrog skeletons (D:5)
  An iguana (D:8)
  7 hell rats (Lair:3)
  6 worker ants
  A hound zombie (D:9)
  A hound skeleton (D:10)
  A worker ant zombie (D:7)
  A howler monkey zombie (D:8)
  A howler monkey skeleton (D:4)
  18 gnolls
  9 adders
  4 river rats (Lair:3)
  A shadow imp (D:5)
  12 white imps (D:12)
  2 oozes (D:1)
  An adder skeleton (D:4)
  A worm (D:3)
  7 leopard geckos
  62 orcs
  7 bats
  8 giant cockroaches
  7 hobgoblins
  2 jackals (D:10)
  13 kobolds
  3 quokkas
  3 ball pythons
  4 frilled lizards
  7 goblins
  2 quokka skeletons (D:5)
  7 rats
  2 fungi
493 creatures vanquished.

Vanquished Creatures (others)
  2 orc wizards
  A worm (D:3)
  A jackal (D:10)
  2 fungi
  3 plants (Lair:3)
9 creatures vanquished.

Grand Total: 502 creatures vanquished

Notes
Turn   | Place    | Note
-------+----------+-------------------------------------------
     0 | D:1      | Goblin1989 the Deep Dwarf Artificer began the quest for the Orb.
     0 | D:1      | Reached XP level 1. HP: 16/16 MP: 3/3
   126 | D:1      | Reached skill level 1 in Fighting
   255 | D:1      | Reached XP level 2. HP: 25/25 MP: 5/5
   652 | D:1      | Reached XP level 3. HP: 24/32 MP: 6/6
  1051 | D:2      | Found a snail-covered altar of Cheibriados.
  1054 | D:2      | Found a sparkling altar of Nemelex Xobeh.
  1056 | D:2      | Found a deep blue altar of Sif Muna.
  1454 | D:2      | Found a glowing golden altar of the Shining One.
  1846 | D:3      | Reached XP level 4. HP: 35/40 MP: 7/7
  1850 | D:3      | Found a radiant altar of Vehumet.
  1892 | D:3      | Found a shimmering altar of Xom.
  1894 | D:3      | Found a sacrificial altar of Ru.
  1909 | D:3      | Reached skill level 5 in Evocations
  2007 | D:3      | Found a basalt altar of Yredelemnul.
  2425 | D:4      | Reached XP level 5. HP: 44/49 MP: 8/8
  2469 | D:4      | Noticed a phantom
  2545 | D:4      | Killed a phantom
  2545 | D:4      | Reached skill level 2 in Axes
  2622 | D:4      | Reached XP level 6. HP: 56/56 MP: 9/9
  2638 | D:4      | Reached skill level 3 in Axes
  2864 | D:4      | Found an opulent altar of Gozag.
  2873 | D:4      | Reached skill level 4 in Axes
  2929 | D:4      | Reached XP level 7. HP: 50/62 MP: 10/10
  3095 | D:4      | Found a staircase to the Ecumenical Temple.
  3106 | Temple   | Entered the Ecumenical Temple
  3119 | Temple   | Became a worshipper of Makhleb the Destroyer
  3193 | D:4      | Reached skill level 5 in Axes
  3274 | D:4      | Reached skill level 1 in Armour
  3411 | D:4      | Found a deep blue altar of Sif Muna.
  3422 | D:5      | Entered Level 5 of the Dungeon
  3616 | D:5      | Reached XP level 8. HP: 62/72 MP: 11/11
  3703 | D:5      | Reached skill level 6 in Axes
  3720 | D:5      | Reached * piety under Makhleb
  3775 | D:5      | Found a blossoming altar of Fedhas.
  4014 | D:5      | Found a runed door.
  4345 | D:6      | Reached skill level 1 in Shields
  4429 | D:6      | Got a faintly glowing spear
  4725 | D:6      | Found Isybb's Armour Emporium.
  4728 | D:6      | Bought the +2 ratskin cloak {rPois rN+ Int-1 Dex-1} for 359 gold pieces
  4863 | D:6      | Found a hazy altar of Hepliaklqana.
  4900 | D:6      | Reached skill level 7 in Axes
  5197 | D:7      | Reached skill level 5 in Fighting
  5377 | D:7      | Gained mutation: You passively map the area around you. [Deep Dwarf growth]
  5377 | D:7      | Reached XP level 9. HP: 73/81 MP: 9/9
  5399 | D:7      | Found a shadowy altar of Dithmenos.
  5761 | D:7      | Found a bloodstained altar of Trog.
  5801 | D:7      | Reached ** piety under Makhleb
  5888 | D:8      | Reached skill level 8 in Axes
  5956 | D:8      | Found a shattered altar of Ashenzari.
  5965 | D:8      | Reached skill level 5 in Armour
  6378 | D:8      | Reached *** piety under Makhleb
  6378 | D:8      | Reached skill level 9 in Axes
  6400 | D:8      | Reached XP level 10. HP: 91/91 MP: 11/11
  6673 | D:9      | Noticed a two-headed ogre
  6699 | D:9      | Killed a two-headed ogre
  6699 | D:9      | Reached skill level 10 in Evocations
  6756 | D:9      | Found an iron altar of Okawaru.
  6794 | D:9      | Reached skill level 5 in Shields
  6836 | D:9      | Noticed a two-headed ogre
  6964 | D:9      | Killed a two-headed ogre
  6964 | D:9      | Reached skill level 10 in Axes
  7149 | D:9      | Found an ancient bone altar of Kikubaaqudgha.
  7237 | D:9      | Found a staircase to the Orcish Mines.
  7286 | D:9      | Noticed a two-headed ogre
  7296 | D:9      | Killed a two-headed ogre
  7464 | D:10     | Entered Level 10 of the Dungeon
  7493 | D:10     | Noticed a two-headed ogre
  7505 | D:10     | Killed a two-headed ogre
  7649 | D:10     | Found a staircase to the Lair.
  7650 | D:10     | Noticed a death yak
  7658 | D:10     | Reached XP level 11. HP: 92/99 MP: 12/12
  7668 | D:10     | Killed a death yak
  7687 | D:10     | Reached skill level 11 in Axes
  8110 | D:10     | Reached **** piety under Makhleb
  8285 | D:11     | Noticed a two-headed ogre
  8295 | D:11     | Killed a two-headed ogre
  8680 | D:11     | Found Zeoheul's Antique Weapon Emporium.
  8688 | D:11     | Bought a runed war axe for 285 gold pieces
  8905 | D:11     | Killed an unseen horror
  9000 | D:11     | Reached skill level 12 in Axes
  9281 | D:12     | Found a frozen archway.
  9346 | IceCv    | Entered an ice cave
  9346 | IceCv    | Noticed a white ugly thing
  9362 | IceCv    | Reached ***** piety under Makhleb
  9366 | IceCv    | Killed a white ugly thing
  9384 | IceCv    | Noticed a white ugly thing
  9399 | IceCv    | Killed a green ugly thing
  9399 | IceCv    | Reached XP level 12. HP: 87/110 MP: 13/13
  9600 | D:12     | Got an ivory rapier
  9607 | D:12     | Noticed a two-headed ogre
  9623 | D:12     | Killed a two-headed ogre
  9865 | Orc:1    | Entered Level 1 of the Orcish Mines
 10102 | Orc:2    | Entered Level 2 of the Orcish Mines
 10109 | Orc:2    | Found Noptoabb's Weapon Shop.
 10140 | Orc:2    | Found Loulot's Antique Armour Emporium.
 10146 | Orc:2    | Found Gioqix's Antique Armour Boutique.
 10146 | Orc:2    | Found Esmi's Assorted Antiques.
 10146 | Orc:2    | Noticed a two-headed ogre
 10147 | Orc:2    | Noticed a two-headed ogre
 10170 | Orc:2    | Reached skill level 13 in Axes
 10175 | Orc:2    | Noticed an ogre mage
 10175 | Orc:2    | Killed a two-headed ogre
 10177 | Orc:2    | Killed an ogre mage
 10178 | Orc:2    | Noticed a two-headed ogre
 10188 | Orc:2    | Killed a two-headed ogre
 10202 | Orc:2    | Killed a two-headed ogre
 10222 | Orc:2    | Noticed a two-headed ogre
 10227 | Orc:2    | Noticed a two-headed ogre
 10228 | Orc:2    | Killed a two-headed ogre
 10229 | Orc:2    | Noticed a two-headed ogre
 10239 | Orc:2    | Reached XP level 13. HP: 58/120 MP: 14/14
 10240 | Orc:2    | Reached skill level 14 in Axes
 10266 | Orc:2    | Found a staircase to the Elven Halls.
 10280 | Orc:2    | Found Silotus's Gadget Shoppe.
 10303 | Orc:2    | Bought a scroll labeled TITA ROTOMNUBB for 25 gold pieces
 10305 | Orc:2    | Found Laitara's Weapon Shop.
 10339 | Orc:2    | Found Puil's Antique Armour Emporium.
 10341 | Orc:2    | Found Ibbalano's Magic Scroll Shoppe.
 10350 | Orc:2    | Bought a scroll of fear for 52 gold pieces
 10350 | Orc:2    | Bought a scroll of enchant weapon for 112 gold pieces
 10350 | Orc:2    | Bought a scroll of brand weapon for 300 gold pieces
 10350 | Orc:2    | Bought a scroll of identify for 30 gold pieces
 10499 | Lair:1   | Entered Level 1 of the Lair of Beasts
 10546 | Lair:1   | Reached skill level 10 in Armour
 10591 | Lair:1   | Noticed Erica
 10599 | Lair:1   | Killed Erica
 10751 | Lair:1   | Noticed Grum
 10772 | Lair:1   | Reached ****** piety under Makhleb
 10786 | Lair:1   | Killed Grum
 11532 | Lair:2   | Learned a level 2 spell: Song of Slaying
 11825 | Lair:2   | Found a staircase to the Swamp.
 11867 | Lair:2   | Found a shadowy altar of Dithmenos.
 12111 | Lair:3   | Noticed Urug
 12183 | Lair:3   | Killed Urug
 12331 | Lair:3   | Reached skill level 15 in Axes
 12413 | Lair:3   | Reached skill level 10 in Shields
 12424 | Lair:3   | Found a staircase to the Snake Pit.
 12460 | Lair:3   | Killed from afar by an oklob plant

Vault maps used:
D:1:      dpeg_arrival_water_fire
D:2:      grunt_temple_overflow_open, tso_altar
D:3:      yredelemnul_altar_generic, fiery_altar_vehumet,
          nicolae_ru_awakened_eye, overflow_temple_1_default,
          grunt_ministairs_15
D:4:      nicolae_gozag_cash_rules_everything_around_me, lemuel_blue_sif_altar
D:5:      first_bread, fedhas_altar_fruit_tree, uniq_crazy_yiuf_cottage
D:6:      marbit_many_paths, serial_shops, kennysheep_mini_moat, glass_columns_b
D:7:      lemuel_doored_altar, lightli_temple_of_fire
D:8:      cheibrodos_ashenzari_chains, grunt_livestock, nrook_loot_triangle
D:9:      kiku_gazebo_garden_becter, okawaru_metal_pillars_1_2,
          minmay_orc_entry_guard_dogs, serial_bayou, serial_bayou_lagoon_a,
          serial_bayou_pond_e, serial_bayou_lagoon_b, serial_bayou_pond_b
D:10:     david_lair_generic
D:11:     serial_shops, nicolae_shop_stone
D:12:     portal_ice_cave_entry_imps, uniq_kirke
Temple:   corrupted_temple
Lair:1:   grunt_forest_large_clearings, serial_bayou_shore_a, uniq_erica,
          uniq_grum
Lair:2:   swamp_mist, lemuel_oklob_altar, lemuel_fruit_fields,
          infiniplex_staircase_pool_2, grunt_megastairs_1, lemuel_fruit_tree
Lair:3:   minmay_snake_entry_guardpost_small, kennysheep_abandoned_house,
          minmay_lair_oklob_chamber, uniq_urug
Orc:1:    basic_altar
Orc:2:    st_orc_open, serial_shops, shop, shop, shop, shop, uniq_snorg
IceCv:    ice_cave_statue_garden_teleport

Skill      XL: |  1  2  3  4  5  6  7  8  9 10 11 12 13 |
---------------+----------------------------------------+-----
Fighting       | 1 2 3 4 5 6 8 9 |  9.7
Evocations     | 5 6 7 8 9 10 11 12 13 | 13.5
Axes           | 2 4 5 7 9 10 12 13 15 | 15.0
Armour         | 2 4 5 7 8 9 10 | 10.9
Shields        | 2 4 6 7 8 10 | 10.0
Short Blades   | |  0.8
Dodging        | |  2.1
Stealth        | |  1.2

Action                   |  1- 3 |  4- 6 |  7- 9 | 10-12 | 13-15 || total
-------------------------+-------+-------+-------+-------+-------++-------
Melee: Short sword       |   195 |   109 |       |       |       ||   304
       Hand axe          |       |     6 |   240 |   122 |       ||   368
       War axe           |       |   149 |   300 |   518 |    14 ||   981
       Broad axe         |       |       |       |       |   370 ||   370
 Abil: Heal Wounds       |     1 |     9 |    15 |     8 |       ||    33
Evoke: Wand              |       |     3 |    12 |    24 |     5 ||    44
  Use: Scroll            |       |       |    11 |     7 |     7 ||    25
       Potion            |       |       |     1 |     8 |     1 ||    10
 Stab: Paralysed         |       |       |     5 |       |       ||     5
  Eat: Chunk             |     3 |     4 |    12 |    13 |     8 ||    40
       Meat ration       |       |       |       |     1 |       ||     1
       Bread ration      |       |       |       |     1 |       ||     1
Armor: Ring mail         |    73 |   124 |       |       |       ||   197
       Chain mail        |       |       |   169 |       |       ||   169
       Plate armour      |       |       |   212 |   492 |   250 ||   954
Dodge: Dodged            |   112 |   174 |   149 |   184 |   108 ||   727
Block: Shield            |       |       |   188 |   433 |   248 ||   869

Vault maps used:
D:1:      dpeg_arrival_water_fire
D:2:      grunt_temple_overflow_open, tso_altar
D:3:      yredelemnul_altar_generic, fiery_altar_vehumet,
          nicolae_ru_awakened_eye, overflow_temple_1_default,
          grunt_ministairs_15
D:4:      nicolae_gozag_cash_rules_everything_around_me, lemuel_blue_sif_altar
D:5:      first_bread, fedhas_altar_fruit_tree, uniq_crazy_yiuf_cottage
D:6:      marbit_many_paths, serial_shops, kennysheep_mini_moat, glass_columns_b
D:7:      lemuel_doored_altar, lightli_temple_of_fire
D:8:      cheibrodos_ashenzari_chains, grunt_livestock, nrook_loot_triangle
D:9:      kiku_gazebo_garden_becter, okawaru_metal_pillars_1_2,
          minmay_orc_entry_guard_dogs, serial_bayou, serial_bayou_lagoon_a,
          serial_bayou_pond_e, serial_bayou_lagoon_b, serial_bayou_pond_b
D:10:     david_lair_generic
D:11:     serial_shops, nicolae_shop_stone
D:12:     portal_ice_cave_entry_imps, uniq_kirke
Temple:   corrupted_temple
Lair:1:   grunt_forest_large_clearings, serial_bayou_shore_a, uniq_erica,
          uniq_grum
Lair:2:   swamp_mist, lemuel_oklob_altar, lemuel_fruit_fields,
          infiniplex_staircase_pool_2, grunt_megastairs_1, lemuel_fruit_tree
Lair:3:   minmay_snake_entry_guardpost_small, kennysheep_abandoned_house,
          minmay_lair_oklob_chamber, uniq_urug
Orc:1:    basic_altar
Orc:2:    st_orc_open, serial_shops, shop, shop, shop, shop, uniq_snorg
IceCv:    ice_cave_statue_garden_teleport
